 Dungeon Crawl Stone Soup version 0.24.0-13-gcf9b3192b9 (webtiles) character file.

Game seed: 15987591094037415451, levelgen mode: deterministic

683 Froggeryz the Insei (level 7, -5/41 HPs)
             Began as a Gargoyle Monk on Nov 8, 2019.
             Was a Believer of Cheibriados.
             Slain by a two-headed ogre
             ... wielding a +0 giant club
              (8 damage)
             ... on level 5 of the Dungeon.
             The game lasted 00:05:47 (3456 turns).

Froggeryz the Insei (Gargoyle Monk)                 Turns: 3456, Time: 00:05:48

Health: -5/41      AC:  9    Str: 19    XL:     7   Next: 61%
Magic:  7/7        EV: 13    Int: 16    God:    Cheibriados [**....]
Gold:   184        SH:  0    Dex: 19    Spells: 6/6 levels left

rFire    . . .     SeeInvis .     - Unarmed
rCold    . . .     Gourm    .   (no shield)
rNeg     + . .     Faith    .   A - +0 leather armour (curse)
rPois    ∞         Spirit   .   o - +0 helmet
rElec    +         Reflect  .   (no cloak)
rCorr    .         Harm     .   (no gloves)
MR       .....                  b - +0 pair of boots
Stlth    ++........             (no amulet)
HPRegen  0.13/turn              (no ring)
MPRegen  0.10/turn              (no ring)

@: very slow
A: negative energy resistance 1, electricity resistance, unbreathing,
petrification resistance, rot immunity, AC +4
a: Bend Time, Renounce Religion


You were on level 5 of the Dungeon.
You worshipped Cheibriados.
Cheibriados was pleased with you.
You were not hungry.

You visited 1 branch of the dungeon, and saw 5 of its levels.

You collected 184 gold pieces.

Inventory:

Hand Weapons
 m - a +2 whip of electrocution
Missiles
 k - 39 sling bullets
Armour
 b - a +0 pair of boots (worn)
 l - a +0 buckler
 o - a +0 helmet (worn)
 A - a cursed +0 leather armour (worn)
Magical Staves
 y - an uncursed staff of energy
Wands
 p - a wand of random effects (34)
Scrolls
 a - a scroll of enchant weapon {unknown}
 d - 4 scrolls of fog {unknown}
 g - 5 scrolls of identify
 h - 3 scrolls of remove curse
 n - a scroll of magic mapping
 q - 4 scrolls of teleportation
 s - a scroll of amnesia
 w - a scroll of fear {unknown}
Potions
 c - 2 potions of curing {unknown}
 e - a potion of flight {unknown}
 f - a potion of mutation {unknown}
 i - 2 potions of degeneration {unknown}
 r - a potion of agility {unknown}
 t - a potion of heal wounds {unknown}
 u - a potion of berserk rage {unknown}
 v - 2 potions of haste {unknown}
 z - 2 potions of might {unknown}
Comestibles
 j - 4 rations


   Skills:
 - Level 3.2 Fighting
 - Level 2.4 Dodging
 - Level 2.1 Stealth
 * Level 4.2 Shields
 + Level 7.6 Unarmed Combat


You had 6 spell levels left.
You didn't know any spells.
Your spell library was empty.

Dungeon Overview and Level Annotations

Branches:
Dungeon (5/15)
 Temple: D:4-7

Altars:
Cheibriados
Dithmenos
Gozag
Wu Jian


Innate Abilities, Weirdness & Mutations

You are resistant to torment.
Your stone body is resilient. (AC +4)
You are immune to poison.
You resist negative energy. (rN+)
You are resistant to electric shocks. (rElec)
You can survive without breathing.
You are immune to petrification.
You are immune to rotting.


Message History

You hit the two-headed ogre but do no damage.
The two-headed ogre hits you with a +0 giant club.
The two-headed ogre hits you with a +0 giant club!!
Ouch! That really hurt!
* * * LOW HITPOINT WARNING * * *
You are too injured to fight recklessly!
Unknown command.
Okay, then.
Okay, then.
Evoke which item? (* to show all) (? for menu, Esc to quit)
Okay, then.
Unknown command.
Okay, then.
As you read the scroll labeled UPPIT BICKORCHO, it crumbles to dust.
It is a scroll of amnesia.
You feel forgetful for a moment.
The orc priest looks braver for a moment.
The orc closely misses you. The two-headed ogre closely misses you.
The two-headed ogre hits you with a +0 giant club!
You die...

.. #......# .# ...>#.##
##.## .
##......#####...###
..#....... #.##.....# ##
.......#.###.##<...# #.#
.......#.........####...
......o........)###.....
...o.oO@!........#....#
...o..o.#....###)###.###
......###...##...).##..#
...... #...#.8...8.#...
..... #....#.......#...
##... ##......._.......
#.. #...#.......#..# ...
....#.8...8.#...
.....##.....##..<


You could see a two-headed ogre, an orc priest and 4 orcs.

Vanquished Creatures
  A water moccasin (D:4)
  An ogre (D:4)
  A hound (D:3)
  3 orc priests
  3 orc wizards
  An iguana (D:4)
  4 worker ants (D:4)
  A hound skeleton (D:4)
  6 adders
  An ooze (D:4)
  2 worms
  2 dart slugs (D:2)
  3 leopard geckos
  15 orcs
  6 giant cockroaches
  4 goblins
  9 hobgoblins
  10 jackals
  A ball python (D:3)
  6 bats
  A frilled lizard (D:4)
  3 kobolds
  A quokka zombie (D:5)
  7 rats
92 creatures vanquished.

Notes
Turn   | Place    | Note
-------+----------+-------------------------------------------
     0 | D:1      | Froggeryz the Gargoyle Monk began the quest for the Orb.
     0 | D:1      | Reached XP level 1. HP: 14/14 MP: 1/1
   199 | D:1      | Reached XP level 2. HP: 14/19 MP: 2/2
   525 | D:2      | Reached skill level 4 in Unarmed Combat
   717 | D:2      | Reached XP level 3. HP: 23/23 MP: 3/3
  1021 | D:2      | Found a shadowy altar of Dithmenos.
  1156 | D:2      | Found an ornate altar of the Wu Jian Council.
  1371 | D:3      | Reached XP level 4. HP: 12/28 MP: 4/4
  1658 | D:3      | Reached skill level 5 in Unarmed Combat
  1796 | D:3      | Reached XP level 5. HP: 31/32 MP: 5/5
  2252 | D:3      | Reached skill level 6 in Unarmed Combat
  2595 | D:4      | Reached XP level 6. HP: 25/37 MP: 6/6
  2654 | D:4      | Reached skill level 7 in Unarmed Combat
  2822 | D:4      | Found a snail-covered altar of Cheibriados.
  2832 | D:4      | Became a worshipper of Cheibriados the Contemplative
  2832 | D:4      | Reached * piety under Cheibriados
  2832 | D:4      | Reached ** piety under Cheibriados
  2881 | D:4      | Reached skill level 1 in Shields
  2937 | D:4      | Noticed a water moccasin
  2949 | D:4      | Killed a water moccasin
  2949 | D:4      | Reached XP level 7. HP: 37/41 MP: 7/7
  3411 | D:5      | Entered Level 5 of the Dungeon
  3414 | D:5      | Found an opulent altar of Gozag.
  3453 | D:5      | Noticed a two-headed ogre
  3455 | D:5      | HP: 2/41 [two-headed ogre/+0 giant club (22)]
  3456 | D:5      | Slain by a two-headed ogre

Levels and vault maps discovered:
D:1:      grunt_arrival_lava_bath, layout_rooms, st_stairs_8
D:2:      layout_loops_ring, lemuel_coloured_pillars_altar,
          nicolae_dithmenos_through_a_glass_darkly, kennysheep_potato
D:3:      layout_basic
D:4:      layout_cave_pools, kennysheep_little_box
D:5:      layout_cave_pools, grunt_gozag_statues, marbit_many_paths,
          minmay_temple_entry_offerings, first_ration, basic_altar,
          nicolae_ossuary_entry_plus

Skill      XL: |  1  2  3  4  5  6  7 |
---------------+----------------------+-----
Unarmed Combat | 4 5 6 7 |  7.6
Shields        | 3 4 |  4.2
Fighting       | |  3.2
Dodging        | |  2.4
Stealth        | |  2.1

Action                   |  1- 3 |  4- 6 |  7- 9 || total
-------------------------+-------+-------+-------++-------
Melee: Unarmed           |   129 |   202 |    56 ||   387
       Punch             |     1 |     7 |     3 ||    11
Evoke: Wand              |       |     4 |       ||     4
  Use: Scroll            |     4 |       |     1 ||     5
 Stab: Sleeping          |     3 |     3 |     1 ||     7
       Paralysed         |       |     6 |       ||     6
  Eat: Chunk             |     1 |     5 |     1 ||     7
Armor: Leather armour    |    26 |    99 |    22 ||   147
       Robe              |     2 |       |       ||     2
Dodge: Dodged            |    63 |   143 |    38 ||   244
